 Dungeon Crawl Stone Soup version 0.21-a0-137-g951aa02 (webtiles) character file.

123 kuniqs the Firebug (level 5, -1/35 HPs)
             Began as a Gnoll Fire Elementalist on July 18, 2017.
             Slain by a hobgoblin
             ... wielding a +0 club
              (2 damage)
             ... on level 3 of the Dungeon.
             The game lasted 00:05:52 (3331 turns).

kuniqs the Firebug (Gnoll Fire Elementalist)        Turns: 3331, Time: 00:05:53

Health: -1/35      AC:  2    Str:  7    XL:     5   Next: 7%
Magic:  3/11       EV: 12    Int:  7    God:
Gold:   103        SH:  0    Dex:  7    Spells: 9/12 levels left

rFire    . . .     SeeInvis .   n - +0 dagger (drain)
rCold    . . .     Gourm    .   (no shield)
rNeg     + . .     Faith    .   a - +0 robe
rPois    .         Spirit   .   (no helmet)
rElec    .         Reflect  .   (no cloak)
rCorr    .         Harm     .   (no gloves)
MR       .....                  (no boots)
Stlth    ++........             (no amulet)
HPRegen  0.11/turn              c - ring of positive energy
MPRegen  0.12/turn              (no ring)

@: starving
A: unchanging attributes, fangs 1, strong nose
a: no special abilities


You were on level 3 of the Dungeon.
You were starving.

You visited 1 branch of the dungeon, and saw 3 of its levels.

You collected 103 gold pieces.

Inventory:

Hand Weapons
 n - a +0 dagger of draining (weapon)
Missiles
 g - 12 stones (quivered)
Armour
 a - a +0 robe (worn)
Jewellery
 c - a ring of positive energy (left hand)
Scrolls
 f - 3 scrolls of identify {unknown}
 h - 3 scrolls of enchant weapon {unknown}
 k - a scroll of fear {unknown}
 l - a scroll of random uselessness {unknown}
 p - a scroll of remove curse {unknown}
 r - a scroll of immolation {unknown}
Potions
 o - a potion of might {unknown}
Books
 b - a book of Flames

   Spells                             Type                      Level
   a - Flame Tongue                   Conjuration/Fire             1
   b - Throw Flame                    Conjuration/Fire             2
   c - Conjure Flame                  Conjuration/Fire             3
   d - Inner Flame                    Hexes/Fire                   3
   e - Sticky Flame                   Conjuration/Fire             4
   f - Fireball                       Conjuration/Fire             5
Comestibles
 d - 2 bread rations
 e - 2 meat rations


   Skills:
 * Level 3.4 Throwing
 - Level 2.6 Dodging
 - Level 2.4 Stealth
 + Level 4.0 Spellcasting
 + Level 3.3 Conjurations
 + Level 4.7 Fire Magic


You had 9 spell levels left.
You knew the following spells:

 Your Spells              Type           Power        Failure   Level  Hunger
a - Flame Tongue          Conj/Fire      #....        6%          1    ##.....
b - Throw Flame           Conj/Fire      #.....       9%          2    ###....


Dungeon Overview and Level Annotations

Branches:
Dungeon (3/15)

Altars:

Annotations:
D:3 Tungsten's ghost, amateur HaSk


Innate Abilities, Weirdness & Mutations

Your physical attributes are unchanging.
You have very sharp teeth.
Your uncanny sense of smell can sniff out nearby items.


Message History

You kill the leopard gecko!
You closely miss the hobgoblin. Your bite misses the hobgoblin.
The hobgoblin barely misses you.
You hit the hobgoblin but do no damage. The hobgoblin closely misses you.
You hit the hobgoblin.
The hobgoblin hits you but does no damage.
You closely miss the hobgoblin.
You bite the hobgoblin, but do no damage.
The hobgoblin hits you with a club.
* * * LOW HITPOINT WARNING * * *
You closely miss the hobgoblin. Your bite misses the hobgoblin.
The hobgoblin barely misses you.
You hit the hobgoblin but do no damage. The hobgoblin hits you with a club.
* * * LOW HITPOINT WARNING * * *
You barely miss the hobgoblin.
The hobgoblin hits you but does no damage.
You hit the hobgoblin but do no damage. You drain the hobgoblin!
You barely miss the hobgoblin. The hobgoblin closely misses you.
You barely miss the hobgoblin. The hobgoblin hits you with a club.
You die...

#(####.##'#
#)#..#.#..#
#)#..'.'.
#.#'##.####.#
#)..l.......#
#.#'##.####.# #
#)#..#.# #.
#g#g.+l+
#..#@####(####.#
#..(.(..(..(...#
#.##############
# ∆


You could see a hobgoblin.

Vanquished Creatures
  Robin (D:3)
  4 adders
  An ooze (D:2)
  2 worms (D:2)
  2 dart slugs
  A leopard gecko (D:3)
  2 orcs (D:3)
  5 bats
  3 giant cockroaches
  8 hobgoblins
  A quokka (D:2)
  2 ball pythons
  2 frilled lizards
  12 goblins
  8 kobolds
  4 rats
58 creatures vanquished.

Notes
Turn   | Place    | Note
-------+----------+-------------------------------------------
     0 | D:1      | kuniqs the Gnoll Fire Elementalist began the quest for the Orb.
     0 | D:1      | Reached XP level 1. HP: 13/13 MP: 4/4
   242 | D:1      | Reached skill level 1 in Throwing
   242 | D:1      | Reached XP level 2. HP: 19/19 MP: 1/6
  1191 | D:2      | Reached XP level 3. HP: 14/24 MP: 0/7
  1521 | D:2      | Learned a level 2 spell: Throw Flame
  1926 | D:2      | Reached XP level 4. HP: 30/30 MP: 0/9
  2824 | D:3      | Noticed Tungsten's ghost (amateur HaSk)
  3189 | D:3      | Noticed Robin
  3272 | D:3      | Killed Robin
  3272 | D:3      | Reached XP level 5. HP: 27/35 MP: 2/10
  3327 | D:3      | HP: 1/35 [hobgoblin/club (2)]
  3331 | D:3      | Slain by a hobgoblin

Vault maps used:
D:1:      dpeg_arrival_simpleton_c, minmay_close_crescents
D:3:      minmay_door_path, kennysheep_generic_room_12, uniq_robin

Skill      XL: |  1  2  3  4  5 |
---------------+----------------+-----
Conjurations   | 2 3 |  3.3
Throwing       | 1 2 3 |  3.4
Spellcasting   | 4 |  4.0
Dodging        | |  2.6
Stealth        | |  2.4
Fire Magic     | |  4.7

Action                   |  1- 3 |  4- 6 || total
-------------------------+-------+-------++-------
Melee: Unarmed           |     9 |       ||     9
       Dagger            |       |    55 ||    55
       Bite              |       |     4 ||     4
Throw: Javelin           |    17 |     9 ||    26
       Stone             |     9 |    14 ||    23
 Cast: Flame Tongue      |    52 |     3 ||    55
       Throw Flame       |     9 |    38 ||    47
  Use: Potion            |       |     2 ||     2
  Eat: Chunk             |     5 |     6 ||    11
Armor: Robe              |    13 |    10 ||    23
Dodge: Dodged            |    30 |    46 ||    76
